 Dungeon Crawl Stone Soup version 0.20.1-1-g8b1a95d (webtiles) character file.

285 Kingsmith the Shield-Bearer (level 6, 0/37 HPs)
             Began as a Tengu Fighter on Dec 11, 2017.
             Slain by an orc warrior
             ... wielding a +0 battleaxe
              (11 damage)
             ... on level 4 of the Dungeon.
             The game lasted 00:02:40 (2898 turns).

Kingsmith the Shield-Bearer (Tengu Fighter)         Turns: 2898, Time: 00:02:41

Health: 0/37       AC:  7    Str: 18 (19) XL:     6   Next: 29%
Magic:  4/7        EV:  9    Int:  6 (8)  God:
Gold:   139        SH: 10    Dex: 11 (13) Spells: 5/5 levels left

rFire    . . .     SeeInvis .     - Unarmed
rCold    . . .     Gourm    .   b - +0 shield
rNeg     . . .     Faith    .   a - +0 scale mail
rPois    .         Spirit   .   (helmet restricted)
rElec    .         Reflect  .   (no cloak)
rCorr    .         Harm     .   (no gloves)
MR       .....                  (boots unavailable)
Stlth    ..........             (no amulet)
Regen    0.2/turn               (no ring)
MPRegen  0.1/turn               (no ring)

@: flying quickly and evasively, quick
A: beak, talons 3, able to fly 1
a: no special abilities


You were on level 4 of the Dungeon.
You were not hungry.

You visited 1 branch of the dungeon, and saw 4 of its levels.

You collected 139 gold pieces.

Inventory:

Armour
 a - a +0 scale mail (worn)
 b - a +0 shield (worn)
Jewellery
 m - a +3 ring of intelligence {unknown}
Wands
 g - a wand of clouds (5/9)
 n - a wand of flame (15/48)
Scrolls
 e - a scroll of fear {unknown}
 f - 3 scrolls of teleportation {unknown}
 h - a scroll of remove curse {unknown}
 i - a scroll of noise {unknown}
 j - 4 scrolls of identify {unknown}
 q - 2 scrolls of amnesia {unknown}
 s - a scroll of blinking {unknown}
 t - a scroll of enchant armour {unknown}
Potions
 c - a potion of might
Books
 l - a book of Misfortune

   Spells                             Type                      Level
   a - Confusing Touch                Hexes                        1
   b - Confuse                        Hexes                        3
   c - Gell's Gravitas                Translocation                3
   d - Petrify                        Transmutation/Earth          4
   e - Metabolic Englaciation         Hexes/Ice                    5
   f - Yara's Violent Unravelling     Hexes/Transmutation          5
Comestibles
 d - 3 bread rations
 k - 3 fruits
 o - a chunk of flesh
 p - a meat ration


   Skills:
 - Level 3.0 Fighting
 + Level 4.6 Armour
 - Level 6.1 Shields
 - Level 2.1 Unarmed Combat


You had 5 spell levels left.
You didn't know any spells.

Dungeon Overview and Level Annotations

Branches:
Dungeon (4/15)             Temple (0/1) D:4

Altars:


Innate Abilities, Weirdness & Mutations

You have a beak for a mouth.
You have claws for feet.
You can fly.


Message History

You hit the orc warrior but do no damage.
You claw the orc warrior, but do no damage.
Your peck misses the orc warrior.
The orc warrior hits you with a battleaxe!!
Ouch! That really hurt!
You completely miss the orc warrior. Your kick misses the orc warrior.
The orc warrior hits you with a battleaxe.
* * * LOW HITPOINT WARNING * * *
The orc wizard gestures wildly while chanting.
The orc wizard blinks!
The orc wizard gestures at you while chanting.
You resist with some effort.
The orc wizard mumbles some strange words.
The orc wizard blinks!
You swoop lightly up into the air.
You feel very comfortable in the air.
You feel somewhat more hungry.
The orc wizard mumbles some strange words.
The orc wizard seems to speed up.
The orc warrior hits you with a battleaxe!
You die...

.....## #...#
.....######..##
.............# ###
..>..........## #..
..............## #.#
...............## ##.#
#
................####..#
.###
..........##....##....#
##... (........#
###..@oo..o##.o.##.
...##(.(#
##...o...#8oo.$.# ##..
###...oo#.....8# ..
#......o$((...
#.ยง...#..###..
#..^#..#.## #...###.###
#..## #.# <.# #..


You could see an orc warrior, an orc priest, an orc wizard and 4 orcs.

Vanquished Creatures
  A scorpion (D:4)
  An orc priest (D:4)
  Ijyb (D:4)
  Natasha (thrice) (D:3)
  A worker ant (D:4)
  An adder (D:2)
  A worm (D:2)
  3 dart slugs
  4 leopard geckos
  An orc (D:3)
  5 bats
  2 giant cockroaches
  8 hobgoblins
  3 jackals (D:2)
  9 kobolds
  4 quokkas
  2 frilled lizards
  8 goblins
  5 rats
63 creatures vanquished.

Notes
Turn   | Place    | Note
-------+----------+-------------------------------------------
     0 | D:1      | Kingsmith the Tengu Fighter began the quest for the Orb.
     0 | D:1      | Reached XP level 1. HP: 14/14 MP: 2/2
   128 | D:1      | Reached XP level 2. HP: 16/19 MP: 3/3
   463 | D:1      | Reached skill level 4 in Shields
   468 | D:1      | Reached XP level 3. HP: 19/23 MP: 4/4
  1269 | D:2      | Reached XP level 4. HP: 26/28 MP: 5/5
  1409 | D:3      | Noticed Natasha
  1422 | D:3      | Killed Natasha
  1422 | D:3      | Reached skill level 5 in Shields
  1591 | D:3      | Noticed Natasha
  1597 | D:3      | Killed Natasha
  1688 | D:3      | Gained mutation: You can fly. [Tengu growth]
  1688 | D:3      | Reached XP level 5. HP: 31/32 MP: 6/6
  1872 | D:3      | Noticed Natasha
  1885 | D:3      | Killed Natasha
  2271 | D:4      | Noticed Ijyb
  2287 | D:4      | Killed Ijyb
  2287 | D:4      | Reached skill level 6 in Shields
  2649 | D:4      | Reached XP level 6. HP: 11/37 MP: 7/7
  2741 | D:4      | Found a staircase to the Ecumenical Temple.
  2885 | D:4      | Noticed an orc warrior
  2898 | D:4      | Slain by an orc warrior

Skill      XL: |  1  2  3  4  5 |
---------------+----------------+-----
Shields        | 4 5 6 |  6.1
Armour         | 4 |  4.6
Fighting       | |  3.0
Unarmed Combat | |  2.1

Action                   |  1- 3 |  4- 6 || total
-------------------------+-------+-------++-------
Melee: Unarmed           |   120 |   127 ||   247
       Kick              |    30 |    37 ||    67
       Peck              |    22 |    16 ||    38
 Abil: Fly               |       |     1 ||     1
  Use: Potion            |       |     3 ||     3
  Eat: Chunk             |     1 |     6 ||     7
Armor: Scale mail        |    41 |    49 ||    90
Dodge: Dodged            |    21 |    29 ||    50
Block: Shield            |    46 |    80 ||   126
